 Dungeon Crawl Stone Soup version 0.14.0-12-g87ee3b7 (webtiles) character file.

235 hcnick the Shield-Bearer (level 5, -4/46 HPs)
             Began as a Minotaur Fighter on Apr 16, 2014.
             Killed from afar by eeldvark's ghost (21 damage)
             ... with an orb of energy
             ... on Level 3 of the Dungeon.
             The game lasted 00:27:30 (1839 turns).

hcnick the Shield-Bearer (Minotaur Fighter)         Turns: 1839, Time: 00:27:30

HP  -4/46        AC  9     Str 22      XL: 5   Next: 11%
MP   2/2         EV  5     Int  5      God:
Gold 83          SH 19     Dex  9      Spells:  0 memorised,  4 levels left

rFire  . . .     SeeInvis .     a - +0 long sword
rCold  . . .     Clarity  .     r - +0 chain mail
rNeg   . . .     Conserve .     c - +0 shield
rPois  +         rCorr    .     (helmet restricted)
rElec  .         rRot     .     (no cloak)
SustAb . .       Spirit   .     (no gloves)
rMut   .         Warding  .     (no boots)
Saprov . . .     Stasis   .     (no amulet)
MR     .....                    (no ring)
                                z - ring of poison resistance {unknown}

@: not resistant to hostile enchantments, extremely unstealthy
A: retaliatory headbutt, horns 2
a: no special abilities


You were on level 3 of the Dungeon.
You were very full.

You visited 1 branch of the dungeon, and saw 3 of its levels.

You collected 83 gold pieces.

Inventory:

Hand weapons
 a - a +0,+0 long sword (weapon)
 i - a +0,+0 club
 j - a +0,+0 club
 u - a cursed -2,+0 whip
 y - a +0,+0 long sword
 C - a +0,+0 dagger
 D - a +0,+0 whip
 I - a +0,+2 dagger
 M - a +0,+0 whip
 Q - a +0,+0 short sword
 S - a +0,+0 dagger
 W - a +1,+2 short sword
 Y - a +0,+0 dagger
 Z - a +0,+0 dagger
Missiles
 p - 29 darts (quivered)
 v - 30 bolts
 w - 7 tomahawks
 x - 22 arrows
 E - 6 sling bullets
 V - 6 poisoned needles
Armour
 b - a +0 scale mail
 c - a +0 shield (worn)
 f - a +0 robe
 h - a +0 ring mail
 k - a +0 leather armour
 m - a +0 ring mail
 n - a +0 leather armour
 q - a +0 ring mail
 r - a +0 chain mail (worn)
 A - a +2 robe
 X - a +0 robe
Comestibles
 F - a choko
 J - a chunk of giant newt flesh
 P - a bread ration
Scrolls
 d - a scroll of random uselessness {unknown}
 l - 3 scrolls of identify {unknown}
 B - a scroll of fog {unknown}
 H - a scroll of teleportation {unknown}
 L - a scroll of enchant weapon I {unknown}
Jewellery
 z - a ring of poison resistance (left hand) {unknown}
Potions
 e - a potion of might
 g - a potion of restore abilities {unknown}
 o - a potion of brilliance {unknown}
 t - 2 potions of curing
 G - a potion of poison {unknown}
 U - a potion of flight {unknown}
Carrion
 K - a rat skeleton
 N - a rat skeleton
 O - a goblin skeleton
 R - a giant newt skeleton
 T - a goblin skeleton


   Skills:
 + Level 4.1 Fighting
 + Level 3.5 Long Blades
 + Level 0.2 Throwing
 + Level 4.6 Armour
 + Level 1.8 Dodging
 + Level 0.1 Stealth
 + Level 4.8 Shields


You had 4 spell levels left.
You didn't know any spells.

Dungeon Overview and Level Annotations

Branches:
Dungeon (3/15)

Altars:

Annotations:
D:2 !
D:3 eeldvark's ghost, average OpCj


Innate Abilities, Weirdness & Mutations

You reflexively headbutt those who attack you in melee.
You have a pair of horns on your head.


Message History

You hit the gnoll but do no damage.
The gnoll is almost dead.
The gnoll hits you but does no damage.
The gnoll hits you with a glowing flail.
* * * LOW HITPOINT WARNING * * *
You block the adder's attack.
The gnoll hits you from afar with a spear of freezing.
* * * LOW HITPOINT WARNING * * *
The gnoll freezes you.
* * * LOW HITPOINT WARNING * * *
You feel better.
It was a potion of curing.
You block the adder's attack. You block the gnoll's attack. x2
The gnoll barely misses you. You block the adder's attack.
The adder bites you but does no damage.
Eeldvark's ghost gestures at you while chanting.
The orb of energy hits the adder.
The adder dies!
The orb of energy explodes!
The mystic blast hits you!
You die...

########### #########
#.........# #........
#.........#####........
#.........[..##........
#.........##..#........
#.........###.#........
#.........# #.'........
####'###### ###........
#..@# #........ ###%##
#######'# #..# #.# ##p#
#.# #....ggg.# #..
#........# ###
#........# #.)......#
#........#


You could see eeldvark's ghost and 2 gnolls.

Vanquished Creatures
  An orc wizard (D:3)
  Jessica (D:2)
  A gnoll (D:3)
  5 adders
  A giant mite (D:2)
  3 giant geckos
  5 orcs (D:3)
  5 bats
  4 giant cockroaches
  4 goblins
  2 hobgoblins
  A ball python (D:2)
  5 giant newts
  5 kobolds
  A quokka (D:2)
  9 rats
53 creatures vanquished.

Vanquished Creatures (others)
  An adder (D:3)
1 creature vanquished.

Grand Total: 54 creatures vanquished

Notes
Turn   | Place    | Note
--------------------------------------------------------------
     0 | D:1      | hcnick, the Minotaur Fighter, began the quest for the Orb.
     0 | D:1      | Reached XP level 1. HP: 19/19 MP: 1/1
   235 | D:1      | Reached skill level 4 in Armour
   376 | D:1      | Reached XP level 2. HP: 27/27 MP: 1/1
   541 | D:2      | Reached XP level 3. HP: 24/33 MP: 2/2
   600 | D:2      | Noticed Jessica
   613 | D:2      | Killed Jessica
   761 | D:2      | Reached XP level 4. HP: 15/40 MP: 2/2
  1066 | D:2      | Reached skill level 1 in Dodging
  1788 | D:3      | Reached XP level 5. HP: 17/46 MP: 2/2
  1825 | D:3      | Noticed eeldvark's ghost (average OpCj)
  1839 | D:3      | Killed from afar by eeldvark's ghost

Action                   |  1- 3 |  4- 6 || total
-------------------------+-------+-------++-------
Melee: Long sword        |    90 |    70 ||   160
Throw: Dart              |    10 |     3 ||    13
  Use: Potion            |       |     2 ||     2
